 Dungeon Crawl Stone Soup version 0.19.4-9-g45fd643 (console) character file.

3062 lanroth the Cruncher (level 10, -3/106 HPs)
             Began as a Human Gladiator on Feb 15, 2017.
             Was a Priest of Vehumet.
             Slain by an ogre
             ... wielding a cursed -1 giant club
              (7 damage)
             ... on level 9 of the Dungeon on Feb 16, 2017.
             The game lasted 01:22:13 (7505 turns).

lanroth the Cruncher (Human Gladiator)              Turns: 7505, Time: 01:22:14

Health: -3/106     AC: 25    Str: 17    XL:     10   Next: 12%
Magic:  10/10      EV:  2    Int:  8    God:    Vehumet [***...]
Gold:   384        SH:  0    Dex: 16    Spells: 2 memorised, 6 levels left

rFire  . . .     SeeInvis .     v - +2 quarterstaff (chaos)
rCold  . . .     Gourm    .     (armour currently unavailable)
rNeg   + + +     Faith    .     (shield currently unavailable)
rPois  +         Spirit   .     (helmet currently unavailable)
rElec  .         Reflect  .     (cloak currently unavailable)
rCorr  .         Harm     .     (gloves currently unavailable)
MR     .....     NoTele   +     (boots currently unavailable)
Stlth  ++........               (no amulet)
                                (no ring)
                                (no ring)

@: tree-form, very slightly contaminated
A: no striking features
a: Renounce Religion


You were on level 9 of the Dungeon.
You worshipped Vehumet.
Vehumet was most pleased with you.
You were not hungry.
You were a tree.
You visited 2 branches of the dungeon, and saw 10 of its levels.

You collected 384 gold pieces.

Inventory:

Hand Weapons
 m - a +1 whip of freezing
 q - a +0 scythe of protection
 v - a +2 quarterstaff of chaos (weapon)
 w - a +1 short sword of freezing
 y - a +1 hand axe of chopping
 z - a +1 whip of electrocution
 J - a +0 flail of draining
 Z - a +0 dire flail
Missiles
 d - 2 throwing nets
 x - 3 javelins
 Q - 7 tomahawks (quivered)
Armour
 c - a +0 helmet (melded)
 A - a +0 cloak (melded)
 C - a +0 shield
 M - a +1 pair of gloves (melded)
 O - a +0 leather armour of magic resistance
 V - a +0 chain mail (melded)
Wands
 a - a wand of acid (11/15)
 S - a wand of lightning (7/15)
 U - a wand of confusion (33/48)
 X - a wand of confusion (25/48)
Scrolls
 e - a scroll of fog
 g - a scroll of fear
 l - 6 scrolls of teleportation
 p - 3 scrolls of identify
 t - 2 scrolls of remove curse
 Y - a scroll of immolation
Potions
 s - a potion of lignification
 E - 2 potions of flight
 F - a potion of haste
 H - a potion of resistance
 I - a potion of berserk rage
 K - a potion of might
Books
 o - a book of Maledictions

   Spells                             Type                      Level
   a - Corona                         Hexes                        1
   b - Ensorcelled Hibernation        Hexes/Ice                    2
   c - Confuse                        Hexes                        3
   d - Tukima's Dance                 Hexes                        3
   e - Dazzling Spray                 Conjuration/Hexes            3
 r - a book of Cantrips

   Spells                             Type                      Level
   a - Confusing Touch                Hexes                        1
   b - Animate Skeleton               Necromancy                   1
   c - Summon Small Mammal            Summoning                    1
   d - Apportation                    Translocation                1
Comestibles
 f - 7 bread rations
 B - a slice of pizza
 P - 4 meat rations
 T - a fruit


   Skills:
 + Level 4.1 Fighting
 + Level 4.5(5.0) Axes
 + Level 3.1(6.7) Maces & Flails
 + Level 8.0(8.2) Staves
 + Level 6.4 Throwing
 + Level 5.0 Armour
 + Level 4.1 Dodging
 + Level 1.3 Stealth
 + Level 1.4 Shields


You had 6 spell levels left.
You knew the following spells:

 Your Spells              Type           Power        Failure   Level  Hunger
a - Corona                Hex            #......      43%         1    ##.....
b - Ensorcelled Hibernat  Hex/Ice        #.....       69%         2    ###....


Dungeon Overview and Level Annotations

Branches:
Dungeon (9/15)             Temple (1/1) D:4
   Lair: D:8-11         Orc: D:9-12

Altars:
Ashenzari
Cheibriados
Dithmenos
Elyvilon
Fedhas
Gozag
Hepliaklqana
Kikubaaqudgha
Makhleb
Nemelex Xobeh
Qazlal
Ru
Trog
Uskayaw
Vehumet
Xom
Zin

Annotations:
D:3 Dowan


Message History

As you read the scroll of blinking, it crumbles to dust.
An ogre comes into view. It is wielding a giant club.
The ogre shouts!
The wolf rages.
Blink to where?
Press: ? - help, Dir - move target cursor
As you read the scroll of blinking, it crumbles to dust.
The ogre misses you.
You climb downwards.
An orc and a skeleton come into view.
The orc shouts!
There is a stone staircase leading up here.
Okay, then.
You turn into a tree.
Your +0 cloak melds into your body.
Your +0 helmet melds into your body.
Your +1 pair of gloves melds into your body.
Your +0 chain mail melds into your body.
Your roots penetrate the ground.
The wyvern skeleton bites you but does no damage.
The ogre hits you with a giant club!
You die...

.###########
o..........#
...........####
#.O♣Z......
#..........
...........##
.............#
...............
###############


You could see an ogre, an orc and a wyvern skeleton.

Vanquished Creatures
  Pikel (D:6)
  Sigmund (D:4)
  Grum (D:8)
  Duvessa (D:3)
  An orc warrior (D:7)
  2 slaves (D:6)
  An ice beast (D:8)
  A phantom (D:4)
  3 wolves
  3 ogres
  A centaur (D:7)
  2 bullfrogs (D:7)
  2 water moccasin skeletons
  3 scorpions
  A crimson imp (D:3)
  4 hounds
  2 orc priests (D:7)
  2 jellies
  2 bullfrog skeletons
  2 iguanas
  4 orc wizards
  Crazy Yiuf (D:3)
  Ijyb (D:3)
  4 worker ants
  5 hound skeletons
  A mummy (D:6)
  6 adders
  3 gnolls (D:3)
  2 shadow imps (D:6)
  An adder skeleton (D:4)
  An adder zombie (D:6)
  3 worms
  A dart slug (D:3)
  7 leopard geckos
  25 orcs
  3 giant cockroaches
  14 goblins
  8 hobgoblins
  2 jackals (D:2)
  3 quokkas (D:2)
  11 bats
  3 frilled lizards
  A jackal zombie (D:5)
  13 kobolds
  8 rats
167 creatures vanquished.

Notes
Turn   | Place    | Note
-------+----------+-------------------------------------------
     0 | D:1      | lanroth the Human Gladiator began the quest for the Orb.
     0 | D:1      | Reached XP level 1. HP: 16/16 MP: 1/1
    92 | D:1      | Reached XP level 2. HP: 14/22 MP: 2/2
   317 | D:1      | Reached XP level 3. HP: 27/27 MP: 3/3
   634 | D:2      | Reached skill level 1 in Armour
   635 | D:2      | Reached XP level 4. HP: 16/33 MP: 4/4
   978 | D:2      | Noticed Sigmund
  1908 | D:3      | Found a radiant altar of Vehumet.
  1914 | D:3      | Became a worshipper of Vehumet
  1929 | D:3      | Noticed Ijyb
  1939 | D:3      | Killed Ijyb
  1939 | D:3      | Reached XP level 5. HP: 37/39 MP: 5/5
  2421 | D:3      | Found a runed door.
  2444 | D:3      | Found a shimmering altar of Xom.
  2444 | D:3      | Found a burning altar of Makhleb.
  2470 | D:3      | HP: 1/39 [poisoned by a crimson imp]
  2678 | D:3      | Reached * piety under Vehumet
  2678 | D:3      | Offered knowledge of Flame Tongue by Vehumet.
  2717 | D:3      | Reached skill level 1 in Maces & Flails
  2717 | D:3      | Reached skill level 1 in Shields
  2717 | D:3      | Reached XP level 6. HP: 46/46 MP: 6/6
  2802 | D:3      | Noticed Crazy Yiuf
  2809 | D:3      | Killed Crazy Yiuf
  2881 | D:4      | Noticed Duvessa
  2881 | D:4      | Noticed Dowan
  3188 | D:3      | Killed Duvessa
  3188 | D:3      | Reached XP level 7. HP: 40/51 MP: 7/7
  3505 | D:4      | Found a shattered altar of Ashenzari.
  3538 | D:4      | Reached skill level 1 in Staves
  3659 | D:4      | Killed Sigmund
  3955 | D:4      | Reached skill level 2 in Staves
  3955 | D:4      | Reached XP level 8. HP: 49/57 MP: 8/8
  4023 | D:4      | Learned a level 1 spell: Corona
  4026 | D:4      | Learned a level 2 spell: Ensorcelled Hibernation
  4140 | D:4      | Found a staircase to the Ecumenical Temple.
  4173 | Temple   | Entered the Ecumenical Temple
  4424 | D:5      | Entered Level 5 of the Dungeon
  4648 | D:5      | Reached skill level 3 in Staves
  4732 | D:5      | Offered knowledge of Sting by Vehumet.
  4760 | D:5      | Found a sparkling altar of Nemelex Xobeh.
  5247 | D:6      | Reached ** piety under Vehumet
  5295 | D:6      | Reached skill level 4 in Staves
  5363 | D:6      | Found a snail-covered altar of Cheibriados.
  5573 | D:6      | Reached skill level 5 in Staves
  5610 | D:6      | Noticed a dagger
  5612 | D:6      | Noticed a hand axe
  5612 | D:6      | Found a hide-covered altar of Uskayaw.
  6004 | D:6      | Noticed Pikel
  6017 | D:6      | Killed Pikel
  6017 | D:6      | Reached skill level 6 in Staves
  6017 | D:6      | Reached skill level 5 in Throwing
  6017 | D:6      | Reached skill level 1 in Stealth
  6017 | D:6      | Reached XP level 9. HP: 58/64 MP: 9/9
  6444 | D:7      | Offered knowledge of Mephitic Cloud by Vehumet.
  6455 | D:7      | Reached skill level 7 in Staves
  6705 | D:7      | Reached *** piety under Vehumet
  7192 | D:8      | Noticed Grum
  7452 | D:8      | Reached XP level 10. HP: 71/71 MP: 10/10
  7475 | D:8      | Killed Grum
  7484 | D:8      | Reached skill level 8 in Staves
  7484 | D:8      | Reached skill level 5 in Armour
  7497 | D:8      | HP: 1/71 [wolf[Grum] (10)]
  7505 | D:9      | Slain by an ogre

Skill      XL: |  1  2  3  4  5  6  7  8  9 10 |
---------------+-------------------------------+-----
Armour         | 1 2 3 4 5 |  5.0
Axes           | 4 |  4.5
Maces & Flails | 1 2 3 |  3.1
Throwing       | 3 4 5 6 |  6.4
Shields        | 1 |  1.4
Staves         | 2 6 7 8 |  8.0
Fighting       | 3 4 |  4.1
Dodging        | 4 |  4.1
Stealth        | 1 |  1.3

Action                   |  1- 3 |  4- 6 |  7- 9 | 10-12 || total
-------------------------+-------+-------+-------+-------++-------
Melee: War axe           |    97 |    96 |       |       ||   193
       Flail             |       |    80 |       |       ||    80
       Quarterstaff      |       |    12 |   248 |    24 ||   284
Throw: Stone             |    24 |     9 |     6 |       ||    39
       Javelin           |       |    77 |    79 |       ||   156
       Throwing net      |       |     1 |     2 |       ||     3
       Tomahawk          |       |       |    21 |     4 ||    25
  Use: Scroll            |       |     4 |    11 |     2 ||    17
       Potion            |       |     1 |    11 |     5 ||    17
 Stab: Paralysed         |       |       |     3 |       ||     3
  Eat: Meat ration       |       |     1 |       |       ||     1
       Chunk             |       |     1 |     7 |       ||     8
       Beef jerky        |       |     1 |     1 |       ||     2
       Bread ration      |       |       |     1 |       ||     1
       Pizza             |       |       |     1 |       ||     1
Armor: Leather armour    |     5 |       |       |       ||     5
       Chain mail        |    41 |   123 |   117 |    14 ||   295
       Skin              |       |       |     3 |     1 ||     4
Dodge: Dodged            |    47 |    73 |    89 |    13 ||   222
Block: Shield            |       |    63 |       |       ||    63
